TOP OF THE 1ST |
Washington Nationals batting - Pitching for Miami Marlins : RHP Travis Small
|
Pitching: RHP Travis Small
|
|
Batting: SHB Andrew Wray II
|
0-0: Foul Ball, location: 2F 0-1: Swinging Strike 0-2: Fly out, F8 (Flyball, 8LXD, EV 90.0 MPH)
|
Batting: SHB Junzo Kato
|
0-0: SINGLE (Groundball, 3S, EV 70.6 MPH) (infield hit)
|
Batting: LHB Seth Cook
|
0-0: Called Strike 0-1: Swinging Strike 0-2: Foul Ball, location: 2F 0-2: Foul Ball, location: 2F 0-2: DOUBLE (Groundball, 3L, EV 101.9 MPH) Junzo Kato to third Runner from 3rd tries for Home, SAFE, no throw by RF
|
Batting: LHB Armando Carbajal
|
0-0: Ball 1-0: Fly out, F8 (Flyball, 89D, EV 81.2 MPH) Runner from 2nd tags up, SAFE at 3rd, no throw by CF
|
Batting: RHB Tommy Baird
|
0-0: Called Strike 0-1: Ball 1-1: Ground out 1-3 (Groundball, 13S, EV 73.1 MPH)
|
Top of the 1st over - 1 run, 2 hits, 0 errors, 1 left on base; Washington 1 - Miami 0 |
BOTTOM OF THE 1ST |
Miami Marlins batting - Pitching for Washington Nationals : LHP Dale Ahernfeld
|
Pitching: LHP Dale Ahernfeld
|
|
Batting: RHB Jeff Garofalo
|
0-0: Ball 1-0: Ball 2-0: Called Strike 2-1: Foul Ball, location: 2F 2-2: Ball 3-2: Foul Ball, location: 2F 3-2: Foul Ball, location: 2F 3-2: Base on Balls
|
Batting: RHB Justin Huff
|
0-0: Called Strike 0-1: Foul Ball, location: 2F 0-2: Ball 1-2: Foul Ball, location: 2F 1-2: Ball 2-2: Grounds into double play, 6-4-3 (Groundball, 6, EV 81.2 MPH)
|
Batting: RHB Jimmy Groseclose
|
0-0: Ball 1-0: Ball 2-0: Ball 3-0: Foul Ball, location: 2F 3-1: Foul Ball, location: 2F 3-2: Base on Balls
|
Batting: RHB Roger Salazar
|
0-0: Called Strike 0-1: Swinging Strike 0-2: Foul Ball, location: 2F 0-2: Foul Ball, location: 2F 0-2: Strikes out swinging
|
Bottom of the 1st over - 0 runs, 0 hits, 0 errors, 1 left on base; Washington 1 - Miami 0 |
TOP OF THE 2ND |
Washington Nationals batting - Pitching for Miami Marlins : RHP Travis Small
|
Batting: RHB Mike Blair
|
0-0: Ball 1-0: Ball 2-0: Called Strike 2-1: Swinging Strike 2-2: Strikes out swinging
|
Batting: RHB John Sanders
|
0-0: Called Strike 0-1: Foul Ball, location: 2F 0-2: Ball 1-2: SINGLE (Flyball, 34D, EV 95.6 MPH)
|
Batting: RHB Jared Speck
|
0-0: Called Strike John Sanders steals 2nd base 0-1: Fly out, F8 (Flyball, 8RD, EV 100.6 MPH)
|
Batting: RHB Masashi Yukizawa
|
0-0: Foul Ball, location: 2F 0-1: Called Strike 0-2: Ball 1-2: Strikes out swinging
|
Top of the 2nd over - 0 runs, 1 hit, 0 errors, 1 left on base; Washington 1 - Miami 0 |
BOTTOM OF THE 2ND |
Miami Marlins batting - Pitching for Washington Nationals : LHP Dale Ahernfeld
|
Batting: RHB Mark Barger
|
0-0: Called Strike 0-1: Foul Ball, location: 2F 0-2: Strikes out swinging
|
Batting: RHB Micah Christopher
|
0-0: Ball 1-0: Called Strike 1-1: Ground out U3 (Groundball, 34, EV 104.4 MPH)
|
Batting: RHB Steve Barnard
|
0-0: SINGLE (Groundball, 6D, EV 100.0 MPH)
|
Batting: LHB Mike Kara
|
0-0: Ball 1-0: Called Strike 1-1: Ball 2-1: Ground out U3 (Groundball, 3, EV 104.4 MPH)
|
Bottom of the 2nd over - 0 runs, 1 hit, 0 errors, 1 left on base; Washington 1 - Miami 0 |
TOP OF THE 3RD |
Washington Nationals batting - Pitching for Miami Marlins : RHP Travis Small
|
Batting: SHB Andrew Wray II
|
0-0: Called Strike 0-1: Ball 1-1: Called Strike 1-2: Ball 2-2: SOLO HOME RUN (Flyball, 9LD, EV 96.2 MPH), Distance : 340 ft
|
Batting: SHB Junzo Kato
|
0-0: Foul Ball, location: 2F 0-1: Ball 1-1: Called Strike 1-2: Ball 2-2: SINGLE (Groundball, 34D, EV 104.4 MPH)
|
Batting: LHB Seth Cook
|
0-0: Ball 1-0: Called Strike 1-1: Ball 2-1: Ball 3-1: Base on Balls Junzo Kato to second
|
Batting: LHB Armando Carbajal
|
0-0: Fielders Choice at 2nd, 4-6 (Groundball, 4, EV 88.1 MPH) Junzo Kato to third
|
Batting: RHB Tommy Baird
|
0-0: Called Strike 0-1: Ball 1-1: Ball 2-1: Ball 3-1: Base on Balls Armando Carbajal to second
|
Batting: RHB Mike Blair
|
0-0: Ball 1-0: Ball 2-0: Ball Wild Pitch! Junzo Kato scores Armando Carbajal to third Tommy Baird to second 3-0: Hit by Pitch
|
Batting: RHB John Sanders
|
0-0: Called Strike 0-1: Swinging Strike 0-2: Foul Ball, location: 2F 0-2: Fly out, F7 (Flyball, 7, EV 94.4 MPH) Runner from 3rd tags up, SCORES, throw by LF
|
Batting: RHB Jared Speck
|
0-0: Called Strike 0-1: Swinging Strike 0-2: Foul Ball, location: 2F 0-2: Ball 1-2: Fly out, F7 (Flyball, 7, EV 81.9 MPH)
|
Top of the 3rd over - 3 runs, 2 hits, 0 errors, 2 left on base; Washington 4 - Miami 0 |
BOTTOM OF THE 3RD |
Miami Marlins batting - Pitching for Washington Nationals : LHP Dale Ahernfeld
|
Batting: LHB Luis Aguilar
|
0-0: Ball 1-0: Called Strike 1-1: Ball 2-1: Fly out, F6 (Popup, 6M, EV 51.9 MPH)
|
Batting: RHB Jeff Garofalo
|
0-0: Ball 1-0: Foul Ball, location: 2F 1-1: Ball 2-1: Foul Ball, location: 2F 2-2: Foul Ball, location: 2F 2-2: Foul Ball, location: 2F 2-2: Foul Ball, location: 2F 2-2: Fly out, F9 (Flyball, 9, EV 90.6 MPH)
|
Batting: RHB Justin Huff
|
0-0: Swinging Strike 0-1: Swinging Strike 0-2: Ball 1-2: Ground out 5-3 (Groundball, 5, EV 81.2 MPH)
|
Bottom of the 3rd over - 0 runs, 0 hits, 0 errors, 0 left on base; Washington 4 - Miami 0 |
TOP OF THE 4TH |
Washington Nationals batting - Pitching for Miami Marlins : RHP Travis Small
|
Batting: RHB Masashi Yukizawa
|
0-0: Ball 1-0: Ball 2-0: SINGLE (Groundball, 6S, EV 68.1 MPH) (infield hit)
|
Batting: SHB Andrew Wray II
|
0-0: Ball 1-0: Ball 2-0: Called Strike 2-1: Grounds into double play, 6-4-3 (Groundball, 6, EV 102.5 MPH)
|
Batting: SHB Junzo Kato
|
0-0: Called Strike 0-1: Ground out U3 (Groundball, 13, EV 80.6 MPH)
|
Top of the 4th over - 0 runs, 1 hit, 0 errors, 0 left on base; Washington 4 - Miami 0 |
BOTTOM OF THE 4TH |
Miami Marlins batting - Pitching for Washington Nationals : LHP Dale Ahernfeld
|
Batting: RHB Jimmy Groseclose
|
0-0: Ball 1-0: Ball 2-0: Ball 3-0: Base on Balls
|
Batting: RHB Roger Salazar
|
0-0: Ball Wild Pitch! Jimmy Groseclose to second 1-0: Foul Ball, location: 2F 1-1: Ground out 5-3 (Groundball, 56, EV 105.0 MPH)
|
Batting: RHB Mark Barger
|
0-0: Ball 1-0: Called Strike 1-1: Called Strike 1-2: Fly out, F9 (Flyball, 9D, EV 101.2 MPH)
|
Batting: RHB Micah Christopher
|
0-0: Ball 1-0: Ball 2-0: Ball 3-0: Base on Balls
|
Batting: RHB Steve Barnard
|
0-0: Ball 1-0: Ball 2-0: Ball 3-0: Foul Ball, location: 2F 3-1: Called Strike 3-2: Base on Balls Jimmy Groseclose to third Micah Christopher to second
|
Batting: LHB Mike Kara
|
0-0: Ground out 1-3 (Groundball, 13S, EV 71.9 MPH)
|
Bottom of the 4th over - 0 runs, 0 hits, 0 errors, 3 left on base; Washington 4 - Miami 0 |
TOP OF THE 5TH |
Washington Nationals batting - Pitching for Miami Marlins : RHP Travis Small
|
Batting: LHB Seth Cook
|
0-0: Fly out, F5 (Flyball, 5D, EV 86.2 MPH)
|
Batting: LHB Armando Carbajal
|
0-0: Called Strike 0-1: Ball 1-1: Ground out 4-3 (Groundball, 4, EV 86.2 MPH)
|
Batting: RHB Tommy Baird
|
0-0: Called Strike 0-1: Ball 1-1: Foul Ball, location: 2F 1-2: Ball 2-2: Ball 3-2: Base on Balls
|
Batting: RHB Mike Blair
|
0-0: Called Strike 0-1: Ball Tommy Baird is caught stealing 2nd base 2-4
|
Top of the 5th over - 0 runs, 0 hits, 0 errors, 0 left on base; Washington 4 - Miami 0 |
BOTTOM OF THE 5TH |
Miami Marlins batting - Pitching for Washington Nationals : LHP Dale Ahernfeld
|
Batting: LHB Luis Aguilar
|
0-0: Called Strike 0-1: Ground out 6-3 (Groundball, 6, EV 81.9 MPH)
|
Batting: RHB Jeff Garofalo
|
0-0: Ball 1-0: Ball 2-0: Ball 3-0: Base on Balls
|
Batting: RHB Justin Huff
|
0-0: Ball 1-0: Foul Ball, location: 2F 1-1: Ball 2-1: Ball 3-1: Foul Ball, location: 2F 3-2: Strikes out swinging
|
Batting: RHB Jimmy Groseclose
|
0-0: Called Strike 0-1: Ball 1-1: Swinging Strike 1-2: Strikes out swinging
|
Bottom of the 5th over - 0 runs, 0 hits, 0 errors, 1 left on base; Washington 4 - Miami 0 |
TOP OF THE 6TH |
Washington Nationals batting - Pitching for Miami Marlins : RHP Travis Small
|
Batting: RHB Mike Blair
|
0-0: Called Strike 0-1: Called Strike 0-2: Ball 1-2: Foul Ball, location: 2F 1-2: Foul Ball, location: 2F 1-2: Ball 2-2: DOUBLE (Line Drive, 89XD, EV 104.4 MPH)
|
Batting: RHB John Sanders
|
0-0: Ball 1-0: 2-RUN HOME RUN (Flyball, 9D, EV 105.0 MPH), Distance : 390 ft
|
Pitching: RHP Jonah Syndergaard
|
|
Batting: RHB Jared Speck
|
0-0: Ball 1-0: Ball 2-0: Ball 3-0: Called Strike 3-1: Foul Ball, location: 2F 3-2: Foul Ball, location: 2F 3-2: Foul Ball, location: 2F 3-2: Base on Balls
|
Batting: RHB Masashi Yukizawa
|
0-0: 2-RUN HOME RUN (Flyball, 7LD, EV 96.9 MPH), Distance : 362 ft
|
Batting: SHB Andrew Wray II
|
0-0: Called Strike 0-1: Ball 1-1: SINGLE (Groundball, 56S, EV 76.2 MPH) (infield hit)
|
Batting: SHB Junzo Kato
|
0-0: Called Strike 0-1: Ball 1-1: Swinging Strike 1-2: Foul Ball, location: 2F 1-2: Ball 2-2: Foul Ball, location: 2F 2-2: Strikes out swinging
|
Batting: LHB Seth Cook
|
0-0: Ball 1-0: Swinging Strike 1-1: Fly out, F8 (Line Drive, 8RM, EV 86.2 MPH)
|
Batting: LHB Armando Carbajal
|
0-0: Ball 1-0: Swinging Strike 1-1: Hit by Pitch Andrew Wray II to second
|
Batting: RHB Tommy Baird
|
0-0: Ball 1-0: Called Strike 1-1: Foul Ball, location: 2F 1-2: Fly out, F3 (Line Drive, 3, EV 68.8 MPH)
|
Top of the 6th over - 4 runs, 4 hits, 0 errors, 2 left on base; Washington 8 - Miami 0 |
BOTTOM OF THE 6TH |
Miami Marlins batting - Pitching for Washington Nationals : LHP Dale Ahernfeld
|
Batting: RHB Roger Salazar
|
0-0: Called Strike 0-1: Ball 1-1: Foul Ball, location: 2F 1-2: Ball 2-2: Strikes out looking
|
Batting: RHB Mark Barger
|
0-0: Foul Ball, location: 2F 0-1: Ground out 6-3 (Groundball, 6, EV 85.0 MPH)
|
Batting: RHB Micah Christopher
|
0-0: Called Strike 0-1: Called Strike 0-2: Foul Ball, location: 2F 0-2: Foul Ball, location: 2F 0-2: Ball 1-2: Ball 2-2: Ball 3-2: Ground out 5-3 (Groundball, 5, EV 89.4 MPH)
|
Bottom of the 6th over - 0 runs, 0 hits, 0 errors, 0 left on base; Washington 8 - Miami 0 |
TOP OF THE 7TH |
Washington Nationals batting - Pitching for Miami Marlins : RHP Jonah Syndergaard
|
Batting: RHB Mike Blair
|
0-0: Ball 1-0: Foul Ball, location: 2F 1-1: Hit by Pitch
|
Batting: RHB John Sanders
|
0-0: Ball 1-0: SINGLE (Groundball, 6S, EV 67.5 MPH) (infield hit) Mike Blair to second
|
Batting: RHB Jared Speck
|
0-0: Foul Ball, location: 2F 0-1: Ball 1-1: Grounds into double play, 6-4-3 (Groundball, 6, EV 79.4 MPH) Mike Blair to third
|
Batting: RHB Masashi Yukizawa
|
0-0: Foul Ball, location: 2F 0-1: Swinging Strike 0-2: Ball Wild Pitch! Mike Blair scores 1-2: Ground out 4-3 (Groundball, 4, EV 108.8 MPH)
|
Top of the 7th over - 1 run, 1 hit, 0 errors, 0 left on base; Washington 9 - Miami 0 |
BOTTOM OF THE 7TH |
Miami Marlins batting - Pitching for Washington Nationals : LHP Dale Ahernfeld
|
Pitching: LHP Jesus Gallegos
|
|
Pinch Hitting: RHB Tommy Hughes
|
0-0: Ball 1-0: Ball 2-0: Swinging Strike 2-1: Foul Ball, location: 2F 2-2: Ball 3-2: Fly out, F3 (Line Drive, 3, EV 65.6 MPH)
|
Batting: LHB Mike Kara
|
0-0: Called Strike 0-1: Ball 1-1: Ball 2-1: Ball 3-1: Called Strike 3-2: Base on Balls
|
Batting: LHB Luis Aguilar
|
0-0: Foul Ball, location: 2F 0-1: SINGLE (Groundball, 6M, EV 97.5 MPH) Mike Kara to second
|
Batting: RHB Jeff Garofalo
|
0-0: 3-RUN HOME RUN (Flyball, 9D, EV 96.2 MPH), Distance : 378 ft
|
Pitching: RHP David Krampe
|
|
Batting: RHB Justin Huff
|
0-0: Ball 1-0: SINGLE (Groundball, 6MD, EV 108.1 MPH)
|
Batting: RHB Jimmy Groseclose
|
0-0: Called Strike Justin Huff steals 2nd base (no throw) 0-1: Ball 1-1: Fly out, F9 (Flyball, 9S, EV 83.1 MPH)
|
Batting: RHB Roger Salazar
|
0-0: Ball 1-0: Foul Ball, location: 2F 1-1: Fly out, F9 (Flyball, 9, EV 91.2 MPH)
|
Bottom of the 7th over - 3 runs, 3 hits, 0 errors, 1 left on base; Washington 9 - Miami 3 |
TOP OF THE 8TH |
Washington Nationals batting - Pitching for Miami Marlins : RHP Jonah Syndergaard
|
Now at 2B: Tommy Hughes
|
|
Now at 3B: Justin Huff
|
|
Batting: SHB Andrew Wray II
|
0-0: SOLO HOME RUN (Flyball, 9D, EV 95.0 MPH), Distance : 386 ft
|
Batting: SHB Junzo Kato
|
0-0: Ball 1-0: Ball 2-0: Ball 3-0: Base on Balls
|
Pitching: RHP Julio Espinel
|
|
Batting: LHB Seth Cook
|
0-0: Swinging Strike 0-1: Ball 1-1: Ball 2-1: Foul Ball, location: 2F 2-2: Ball 3-2: Strikes out looking
|
Batting: LHB Armando Carbajal
|
0-0: Called Strike 0-1: Foul Ball, location: 2F 0-2: Ball 1-2: Strikes out swinging
|
Batting: RHB Tommy Baird
|
0-0: Ball 1-0: Ball 2-0: Swinging Strike 2-1: Ball 3-1: Base on Balls Junzo Kato to second
|
Batting: RHB Mike Blair
|
0-0: Swinging Strike 0-1: Ball 1-1: Fly out, F7 (Flyball, 7LM, EV 100.6 MPH)
|
Top of the 8th over - 1 run, 1 hit, 0 errors, 2 left on base; Washington 10 - Miami 3 |
BOTTOM OF THE 8TH |
Miami Marlins batting - Pitching for Washington Nationals : RHP David Krampe
|
Batting: RHB Mark Barger
|
0-0: Fly out, F9 (Flyball, 9LS, EV 91.2 MPH)
|
Pinch Hitting: LHB Andre Gorter
|
0-0: Called Strike 0-1: Ball 1-1: Swinging Strike 1-2: Foul Ball, location: 2F 1-2: Strikes out swinging
|
Batting: RHB Tommy Hughes
|
0-0: Called Strike 0-1: Foul Ball, location: 2F 0-2: Strikes out swinging
|
Bottom of the 8th over - 0 runs, 0 hits, 0 errors, 0 left on base; Washington 10 - Miami 3 |
TOP OF THE 9TH |
Washington Nationals batting - Pitching for Miami Marlins : RHP Julio Espinel
|
Pitching: RHP Ian Newman
|
|
Now at 1B: Greg Herzig
|
|
Batting: RHB John Sanders
|
0-0: Ball 1-0: Ball 2-0: Ball 3-0: Called Strike 3-1: Foul Ball, location: 3F, Error on foul ball, E3 3-2: Strikes out looking
|
Batting: RHB Jared Speck
|
0-0: Called Strike 0-1: SINGLE (Line Drive, 4MD, EV 97.5 MPH)
|
Batting: RHB Masashi Yukizawa
|
0-0: 2-RUN HOME RUN (Flyball, 7D, EV 96.2 MPH), Distance : 392 ft
|
Batting: SHB Andrew Wray II
|
0-0: Ball 1-0: Ball 2-0: Ball 3-0: Base on Balls
|
Batting: SHB Junzo Kato
|
0-0: Ball 1-0: Swinging Strike 1-1: Swinging Strike 1-2: Strikes out swinging
|
Batting: LHB Seth Cook
|
0-0: Foul Ball, location: 2F 0-1: Foul Ball, location: 2F 0-2: Foul Ball, location: 2F 0-2: Fly out, F7 (Flyball, 78S, EV 76.2 MPH)
|
Top of the 9th over - 2 runs, 2 hits, 1 error, 1 left on base; Washington 12 - Miami 3 |
BOTTOM OF THE 9TH |
Miami Marlins batting - Pitching for Washington Nationals : RHP David Krampe
|
Batting: LHB Mike Kara
|
0-0: Ball 1-0: Called Strike 1-1: Foul Ball, location: 2F 1-2: Foul Ball, location: 2F 1-2: Ball 2-2: Strikes out swinging
|
Batting: LHB Luis Aguilar
|
0-0: Ball 1-0: Swinging Strike 1-1: Called Strike 1-2: Ball 2-2: Ball 3-2: Strikes out swinging
|
Batting: RHB Jeff Garofalo
|
0-0: Called Strike 0-1: Ball 1-1: Swinging Strike 1-2: Ball 2-2: Foul Ball, location: 2F 2-2: Ball 3-2: Foul Ball, location: 2F 3-2: DOUBLE (Groundball, 5L, EV 107.5 MPH)
|
Batting: RHB Justin Huff
|
0-0: Swinging Strike 0-1: Called Strike 0-2: Ball 1-2: Strikes out looking
|
Bottom of the 9th over - 0 runs, 1 hit, 0 errors, 1 left on base; Washington 12 - Miami 3 |
|